 Dungeon Crawl Stone Soup version 0.29.1 (webtiles) character file.

Game seed: 2416584460846048993

253 inmateoo the Shooter (level 5, -7/41 HPs)
             Began as a Mummy Hunter on Sept 12, 2022.
             Mangled by Menkaure (14 damage)
             ... on level 5 of the Dungeon.
             The game lasted 00:04:00 (2002 turns).

inmateoo the Shooter (Mummy Hunter)                 Turns: 2002, Time: 00:04:01

Health: -7/41      AC: 10    Str: 15    XL:     5   Next: 90%
Magic:  5/5        EV: 11    Int:  8    God:
Gold:   220        SH:  0    Dex: 17    Spells: 4/4 levels left

rFire   x . .      SeeInvis .   a - +0 shortbow
rCold   + . .      Faith    .   (shield currently unavailable)
rNeg    + + +      Spirit   .   g - +0 ring mail
rPois   ∞          Reflect  .   c - +0 helmet
rElec   .          Harm     .   (no cloak)
rCorr   +          Rampage  .   m - +0 pair of gloves
Will    .....                   i - +2 pair of boots
Stlth   ++........              (no amulet)
HPRegen 0.13/turn               j - ring of resist corrosion
MPRegen 0.09/turn               (no ring)

@: no status effects
A: cold resistance 1, negative energy resistance 3, torment resistance 2, heat
vulnerability 1, in touch with death 1, no potions
a: no special abilities


You were on level 5 of the Dungeon.
You visited 1 branch of the dungeon, and saw 5 of its levels.

You collected 220 gold pieces.

Inventory:

Hand Weapons
 a - a +0 shortbow (weapon)
 d - a +0 mace
Missiles
 f - 3 poisoned darts
Armour
 c - a +0 helmet (worn)
 g - a +0 ring mail (worn)
 i - a +2 pair of boots (worn)
 m - a +0 pair of gloves (worn)
Jewellery
 j - a ring of resist corrosion (left hand)
Scrolls
 b - a scroll of immolation
 e - a scroll of torment
 h - 2 scrolls of amnesia
 l - a scroll of identify
 n - 2 scrolls of teleportation {unknown}


   Skills:
 + Level 3.3 Fighting
 + Level 4.0 Ranged Weapons
 + Level 1.2 Armour
 + Level 2.7 Dodging
 + Level 2.5 Stealth


You had 4 spell levels left.
You didn't know any spells.
Your spell library contained the following spells:

 Spells                   Type           Power      Damage    Failure   Level
 Ozocubu's Armour         Ice            0%         N/A       94%         3
 Metabolic Englaciation   Hex/Ice        0%         N/A       100%        5
 Simulacrum               Ice/Necr       0%         N/A       100%        6


Dungeon Overview and Level Annotations

Branches:
Dungeon (5/15)
 Temple: D:4-7

Altars:

Annotations:
D:3 Ijyb
D:4 exclusion: phantom, Eustachio
D:5 Menkaure


Innate Abilities, Weirdness & Mutations

You are immune to poison.
Your flesh is cold resistant. (rC+)
You are immune to negative energy. (rN+++)
You are immune to unholy pain and torment.
You are vulnerable to heat. (rF-)
You are in touch with the powers of death.
You do not drink.


Message History

A gnoll comes into view. It is wielding a +0 club.
You shoot an arrow. The gnoll shouts!
The arrow hits Menkaure.
Menkaure is almost destroyed.
Menkaure rustles, "From dust you came, to dust you will return."
Menkaure closely misses you.
Menkaure murmurs in an indecipherable tongue.
Menkaure closely misses you.
A gnoll sergeant comes into view. It is wielding a +0 spear.
You shoot an arrow. The arrow completely misses Menkaure.
Menkaure hits you but does no damage. Menkaure hits you!!
You shoot an arrow.
The arrow hits Menkaure but does no damage.
Menkaure is almost destroyed.
Menkaure misses you. x2
You shoot an arrow. The arrow barely misses Menkaure.
Menkaure hits you.
You are too injured to fight recklessly!
You are too injured to fight recklessly!
Menkaure attacks as you move away! Menkaure misses you. Menkaure hits you!
* * * LOW HITPOINT WARNING * * *
Fire: a) +0 shortbow
Press: ? - help, Q - select action, (/) - cycle Shift-Dir - straight line, f/p - Menkaure
Aim: Menkaure (almost destroyed, fast, 77% to hit)
You shoot an arrow. The arrow barely misses Menkaure.
The arrow hits the gnoll!
The gnoll is severely wounded.
Menkaure hits you but does no damage.
Fire: a) +0 shortbow
Press: ? - help, Q - select action, (/) - cycle Shift-Dir - straight line, f/p - Menkaure
Aim: Menkaure (almost destroyed, fast, 77% to hit)
You shoot an arrow.
The arrow hits Menkaure but does no damage.
Menkaure is almost destroyed.
You hear a shout!
Menkaure closely misses you. The gnoll hits you but does no damage.
The gnoll sergeant hits you from afar with a +0 spear.
* * * LOW HITPOINT WARNING * * *
Menkaure hits you!
You die...

### ### ##!. ####.. ..#
# #..#.# #.# #####.##.
##.#.# #.#####........
##.#.#####.........g....
...#........####g#
##.#.†####.....gM###..#
##....####.....[@.....#
#................####.#
#.###.#.##..###..# #.#
#.#.##..# #..# #.# #.#
##..# #..# #.###.# ##..#
#..# ....#.#.##... ..<#
....#........ ....
........####


You could see a gnoll sergeant, Menkaure (fast) and a gnoll.

Vanquished Creatures
  An ogre (D:5)
  A jelly (D:5)
  An orc priest (D:3)
  An iguana (D:5)
  3 adders (D:2)
  A shadow imp (D:5)
  A worm (D:2)
  A dart slug (D:3)
  2 orcs
  3 ball pythons (D:2)
  7 endoplasms
  A giant cockroach (D:3)
  3 goblins (D:1)
  5 hobgoblins
  4 jackals
  A quokka (D:3)
  4 bats
  4 frilled lizards
  4 kobolds
  3 rats
51 creatures vanquished.

Notes
Turn   | Place    | Note
-------+----------+-------------------------------------------
     0 | D:1      | inmateoo the Mummy Hunter began the quest for the Orb.
     0 | D:1      | Reached XP level 1. HP: 16/16 MP: 1/1
   164 | D:1      | Reached skill level 1 in Stealth
   205 | D:1      | Found a faded altar of an unknown god.
   256 | D:1      | Reached XP level 2. HP: 22/22 MP: 2/2
   711 | D:2      | Gained mutation: You are in touch with the powers of death.
                  | [Mummy growth]
   711 | D:2      | Reached XP level 3. HP: 28/28 MP: 3/3
  1105 | D:2      | Reached XP level 4. HP: 34/34 MP: 4/4
  1242 | D:3      | Noticed Ijyb
  1841 | D:4      | Noticed a phantom
  1875 | D:4      | Noticed Eustachio
  1886 | D:5      | Entered Level 5 of the Dungeon
  1901 | D:5      | Reached XP level 5. HP: 41/41 MP: 5/5
  1915 | D:5      | Noticed an ogre
  1923 | D:5      | Killed an ogre
  1924 | D:5      | Reached skill level 1 in Armour
  1979 | D:5      | Reached skill level 4 in Ranged Weapons
  1991 | D:5      | Noticed Menkaure
  2002 | D:5      | Mangled by Menkaure

Illustrated notes

Levels and vault maps discovered:
D:1:      lemuel_arrival_rhombus, layout_rooms,
          hellmonk_ecumenical_altar_run_dry
D:2:      layout_rooms
D:3:      layout_basic, mainiacjoe_overflow_brackets, uniq_ijyb
D:4:      layout_basic, lemuel_tele_altar, worldfamousw_hep_ancestral_shrine,
          serial_glass, glass_columns_b, glass_columns_a, glass_columns_c,
          glass_columns_a, glass_columns_a, glass_columns_b, grunt_ministairs_3,
          uniq_eustachio
D:5:      layout_loops_ring, dk_rats_in_the_wall, uniq_duvessa, uniq_menkaure

Skill      XL: |  1  2  3  4  5 |
---------------+----------------+-----
Stealth        | 1 2 |  2.5
Dodging        | 2 |  2.7
Fighting       | 3 |  3.3
Armour         | 1 |  1.2
Ranged Weapons | 4 |  4.0

Action                   |  1- 3 |  4- 6 || total
-------------------------+-------+-------++-------
 Fire: Shortbow          |   107 |    65 ||   172
Throw: Dart              |       |     3 ||     3
  Use: Scroll            |       |     5 ||     5
Armor: Leather armour    |    20 |       ||    20
       Ring mail         |    15 |    11 ||    26
Dodge: Dodged            |    47 |    22 ||    69
